 Dungeon Crawl Stone Soup version 0.20.1-1-g8b1a95d (webtiles) character file.

1680 Gargoyl the Chopper (level 8, -8/70 HPs)
             Began as a Minotaur Abyssal Knight on Sept 21, 2017.
             Was an Elder of Lugonu.
             Killed from afar by a crimson imp (10 damage)
             ... with a wand of lightning (?/15)
             ... on level 5 of the Dungeon.
             The game lasted 00:11:11 (5608 turns).

Gargoyl the Chopper (Minotaur Abyssal Knight)       Turns: 5608, Time: 00:11:13

Health: -8/70      AC: 12    Str: 19    XL:     8   Next: 70%
Magic:  10/10      EV:  6    Int:  9    God:    Lugonu [****..]
Gold:   339        SH:  9    Dex: 12    Spells: 7/7 levels left

rFire    . . .     SeeInvis .   j - +2 hand axe (venom)
rCold    . . .     Gourm    .   k - +0 shield
rNeg     . . .     Faith    .   e - +0 chain mail
rPois    .         Spirit   .   (helmet restricted)
rElec    .         Reflect  .   (no cloak)
rCorr    +         Harm     .   u - +1 pair of gloves
MR       .....                  (no boots)
Stlth    ..........             (no amulet)
Regen    0.3/turn               b - +2 ring of strength
MPRegen  0.2/turn               w - ring of resist corrosion

@: no status effects
A: retaliatory headbutt, horns 2
a: Depart the Abyss, Bend Space, Banish, Corrupt, Renounce Religion


You were on level 5 of the Dungeon.
You worshipped Lugonu.
Lugonu was greatly pleased with you.
You were hungry.

You visited 1 branch of the dungeon, and saw 5 of its levels.
You visited the Abyss 1 time.
You also visited: Sewer.

You collected 339 gold pieces.

Inventory:

Hand Weapons
 j - a +2 hand axe of venom (weapon)
 y - a +0 war axe
Missiles
 s - 10 tomahawks (quivered)
Armour
 e - a +0 chain mail (worn)
 k - a +0 shield (worn)
 u - a +1 pair of gloves (worn)
Jewellery
 b - a +2 ring of strength (left hand)
 r - an uncursed ring of flight
 w - a ring of resist corrosion (right hand)
 E - an uncursed ring of stealth {unknown}
Wands
 q - a wand of random effects (5/48)
 C - a wand of paralysis (4/24)
 G - a wand of random effects (21/48)
Scrolls
 l - a scroll of identify
 m - 3 scrolls of teleportation
 t - 2 scrolls of amnesia
 z - a scroll of fog
 A - a scroll of blinking
Potions
 a - a potion of invisibility {unknown}
 d - 3 potions of flight
 f - 2 potions of agility
 g - 2 potions of haste
 h - a potion of brilliance
 o - a potion of lignification
 p - 5 potions of heal wounds
 v - 6 potions of curing
 F - a potion of might {unknown}
Books
 n - a book of Callings

   Spells                             Type                      Level
   a - Summon Small Mammal            Summoning                    1
   b - Call Imp                       Summoning                    2
   c - Call Canine Familiar           Summoning                    3
   d - Summon Guardian Golem          Hexes/Summoning              3
   e - Summon Lightning Spire         Summoning/Air                4
   f - Summon Ice Beast               Ice/Summoning                4
 B - a book of Frost

   Spells                             Type                      Level
   a - Freeze                         Ice                          1
   b - Throw Frost                    Conjuration/Ice              2
   c - Ozocubu's Armour               Charms/Ice                   3
   d - Throw Icicle                   Conjuration/Ice              4
   e - Summon Ice Beast               Ice/Summoning                4
Comestibles
 c - 3 bread rations
 i - 3 meat rations
 x - a fruit


   Skills:
 + Level 6.1 Fighting
 + Level 7.7 Axes
 + Level 0.8 Throwing
 * Level 7.0 Armour
 + Level 2.5 Dodging
 + Level 3.8 Shields
 * Level 4.5 Invocations
 + Level 0.5 Evocations


You had 7 spell levels left.
You didn't know any spells.

Dungeon Overview and Level Annotations

Branches:
Dungeon (5/15)
 Temple: D:4-7

Altars:
Makhleb
Nemelex Xobeh
Okawaru


Innate Abilities, Weirdness & Mutations

You reflexively headbutt those who attack you in melee.
You have a pair of horns on your head.


Message History

The crimson imp hits you but does no damage.
You hit the crimson imp but do no damage.
You block the crimson imp's attack.
You closely miss the crimson imp. Your headbutt misses the crimson imp.
The crimson imp zaps a wand.
The bolt of lightning hits you!
* * * LOW HITPOINT WARNING * * *
You miss the crimson imp. The crimson imp barely misses you.
You hit the crimson imp.
The crimson imp is poisoned.
Your headbutt misses the crimson imp.
The crimson imp is moderately wounded.
The crimson imp blinks!
You closely miss the orc. You hit the orc. You headbutt the orc.
You kill the orc!
Lugonu accepts your kill.
You hear a splash.
The crimson imp zaps a wand.
The bolt of lightning hits you!
* * * LOW HITPOINT WARNING * * *
The bolt of lightning hits you!
You die...

#.# #######.# #.# #.......#
#.# #.#####.# #.# #.#
######.## #.# #### ........#
#.############..† ######..#
#...............#
#..######################.##
#.##≈≈≈≈≈.(@## #.#
###.########§############.#
#.##≈.≈P..##(#..<[....##.#
#.#≈;..P...#5########.##.#
#.#≈.......#≈# #.##.#
#≈#≈;[P≈5.'#o#### #.##.#
##≈##;.≈P..#..#..# #.##.#
##≈##########≈##(.# #....##
#≈##≈≈≈≈. ≈≈#...########...


You could see a crimson imp.

Vanquished Creatures
  The ghost of Zeloya the Gusty, a novice KoAE of Cheibriados (D:4)
  Grinder (D:4)
  The ghost of kalodont the Sneak, an amateur KoEn (Sewer)
  An ogre (D:5)
  3 big kobolds (Sewer)
  A howler monkey (D:5)
  A hound (D:5)
  A centaur zombie (D:5)
  4 orc priests
  2 orc wizards (D:4)
  Jessica (D:2)
  A gnoll shaman (D:4)
  Terence (D:2)
  3 iguanas
  4 worker ants (D:5)
  A hound zombie (D:5)
  2 worker ant zombies (D:5)
  3 gnolls (D:2)
  5 river rats (Sewer)
  7 adders
  4 oozes
  An adder skeleton (D:5)
  5 worms
  3 dart slugs
  4 leopard geckos
  9 orcs
  4 ball pythons
  13 bats
  A giant cockroach (D:4)
  16 goblins
  4 hobgoblins
  6 jackals
  A quokka (D:5)
  4 frilled lizards
  23 kobolds
  24 rats
166 creatures vanquished.

Notes
Turn   | Place    | Note
-------+----------+-------------------------------------------
     0 | Abyss:1  | Gargoyl the Minotaur Abyssal Knight began the quest for the Orb.
     0 | Abyss:1  | Reached XP level 1. HP: 19/19 MP: 1/1
    45 | Abyss:1  | Noticed a spatial maelstrom
    46 | Abyss:1  | Noticed a spatial vortex
    50 | Abyss:1  | Noticed a spatial vortex
    50 | Abyss:1  | Noticed a spatial vortex
    50 | Abyss:1  | Noticed a spatial vortex
    54 | Abyss:1  | Noticed a large abomination
    97 | Abyss:1  | Noticed a small abomination
   108 | D:1      | Escaped the Abyss
   378 | D:1      | Reached * piety under Lugonu
   406 | D:1      | Reached XP level 2. HP: 19/27 MP: 2/2
   918 | D:1      | Reached XP level 3. HP: 30/33 MP: 3/3
  1362 | D:2      | Reached XP level 4. HP: 21/41 MP: 4/4
  1690 | D:2      | Noticed Terence
  1704 | D:2      | Killed Terence
  1861 | D:2      | Noticed Jessica
  1869 | D:2      | Killed Jessica
  1869 | D:2      | Reached ** piety under Lugonu
  1869 | D:2      | Reached XP level 5. HP: 30/47 MP: 6/6
  2001 | D:2      | Found a sparkling altar of Nemelex Xobeh.
  2417 | D:3      | You fall through a shaft for 2 floors!
  2417 | D:5      | Entered Level 5 of the Dungeon
  2452 | D:5      | Reached skill level 1 in Shields
  2474 | D:4      | Reached skill level 5 in Fighting
  2474 | D:4      | Reached XP level 6. HP: 39/56 MP: 7/7
  2561 | D:4      | Noticed Zeloya's ghost (novice KoAE)
  2581 | D:4      | Found a glowing drain.
  2590 | Sewer    | Entered a sewer
  2836 | Sewer    | Noticed kalodont's ghost (amateur KoEn)
  2896 | Sewer    | Reached *** piety under Lugonu
  2902 | Sewer    | Killed kalodont's ghost
  2902 | Sewer    | Reached skill level 5 in Axes
  3029 | Sewer    | Reached skill level 5 in Armour
  3029 | Sewer    | Reached XP level 7. HP: 57/61 MP: 8/8
  3393 | D:4      | Killed Zeloya's ghost
  3566 | D:4      | Reached XP level 8. HP: 51/69 MP: 8/10
  3888 | D:3      | Reached **** piety under Lugonu
  4021 | D:3      | Found an iron altar of Okawaru.
  4021 | D:3      | Found a burning altar of Makhleb.
  4500 | D:4      | Noticed Grinder
  4505 | D:4      | Paralysed by Grinder for 5 turns
  4543 | D:4      | Killed Grinder
  5608 | D:5      | HP: 2/70 [crimson imp/wand of lightning (?/15) (15)]
  5608 | D:5      | Killed from afar by a crimson imp

Skill      XL: |  1  2  3  4  5  6  7  8 |
---------------+-------------------------+-----
Invocations    | 2 3 4 |  4.5
Fighting       | 4 5 6 |  6.1
Armour         | 3 4 5 7 |  7.0
Axes           | 3 4 5 6 7 |  7.7
Shields        | 1 2 3 |  3.8
Dodging        | 2 |  2.5
Throwing       | |  0.8
Evocations     | |  0.5

Action                   |  1- 3 |  4- 6 |  7- 9 || total
-------------------------+-------+-------+-------++-------
Melee: Hand axe          |    56 |   142 |   154 ||   352
       Headbutt          |     9 |    23 |    25 ||    57
Throw: Tomahawk          |       |       |     3 ||     3
Invok: Depart the Abyss  |     1 |       |       ||     1
Evoke: Wand              |       |       |     5 ||     5
  Use: Scroll            |     8 |     5 |     8 ||    21
       Potion            |       |     1 |       ||     1
 Stab: Paralysed         |       |       |     2 ||     2
  Eat: Chunk             |     1 |     6 |     3 ||    10
       Bread ration      |       |       |     1 ||     1
Armor: Chain mail        |    59 |    68 |    92 ||   219
       Skin              |       |    40 |       ||    40
Dodge: Dodged            |    24 |    39 |    47 ||   110
Block: Shield            |    19 |    74 |    72 ||   165
